 Dungeon Crawl Stone Soup version 0.15-a0-1656-gb4d1502 (webtiles) character file.

105 Nikss the Practitioner (level 4, -3/39 HPs)
             Began as a Deep Dwarf Healer on June 23, 2014.
             Was a Believer of Elyvilon.
             Slain by 1010011010's ghost (9 damage)
             ... on Level 3 of the Dungeon.
             The game lasted 00:27:42 (3032 turns).

Nikss the Practitioner (Deep Dwarf Healer)          Turns: 3032, Time: 00:27:42

HP  -3/39        AC  9     Str 15      XL: 4   Next: 53%
MP   3/8         EV  8     Int 13      God: Elyvilon [**....]
Gold 86          SH  0     Dex 13      Spells:  0 memorised,  3 levels left

rFire  . . .     SeeInvis .     e - +2 dagger
rCold  . . .     Clarity  .     u - +1 scale mail
rNeg   . . .     rCorr    +     (no shield)
rPois  .         rRot     .     (no helmet)
rElec  .         Spirit   .     y - +1 cloak
SustAb .         Warding  .     (no gloves)
rMut   .         Stasis   .     (no boots)
Gourm  .                        h - amulet of resist corrosion
MR     +....                    (no ring)
                                g - ring of protection from magic

@: non-regenerating, somewhat resistant to hostile enchantments, extremely
unstealthy
A: damage resistance, recharge devices, sense surroundings 1, slow healing 3
a: Device Recharging, Lesser Healing, Lesser Self-Healing, Divine Protection,
Purification, Renounce Religion


You were on level 3 of the Dungeon.
You worshipped Elyvilon.
Elyvilon was pleased with you.
You were not hungry.

You visited 1 branch of the dungeon, and saw 3 of its levels.

You collected 86 gold pieces.

Inventory:

Hand weapons
 e - a +2 dagger (weapon)
 n - a +0 hand axe
Armour
 a - a +1 robe
 p - a +0 ring mail
 t - a cursed +0 ring mail
 u - a +1 scale mail (worn)
 y - a +1 cloak (worn)
Magical devices
 d - a wand of heal wounds (5)
 f - a wand of confusion (0) {unknown}
 w - a wand of flame (11) {unknown}
Scrolls
 m - a scroll of random uselessness
 o - 2 scrolls of enchant armour
 q - a scroll of blinking {unknown}
 r - a scroll of teleportation {unknown}
 s - a scroll of enchant weapon {unknown}
Jewellery
 g - a ring of protection from magic (left hand)
 h - an amulet of resist corrosion (around neck)
Potions
 b - 2 potions of curing
 c - a potion of heal wounds
 j - a potion of agility {unknown}
 k - a potion of cure mutation {unknown}
 l - 2 potions of resistance {unknown}
 v - a potion of paralysis {unknown}
 x - 2 potions of magic {unknown}


   Skills:
 + Level 2.0 Fighting
 + Level 0.5 Short Blades
 + Level 3.4 Dodging
 + Level 1.0 Stealth
 + Level 4.9 Invocations


You had 3 spell levels left.
You didn't know any spells.

Dungeon Overview and Level Annotations

Branches:
Dungeon (3/15)

Altars:
Gozag
Zin

Annotations:
D:3 1010011010's ghost, experienced MfGl


Innate Abilities, Weirdness & Mutations

You are resistant to damage.
You can recharge devices by infusing magical energy.
You passively map a small area around you.
You do not heal naturally.


Message History

You are starving!
The hobgoblin barely misses 1010011010's ghost. 1010011010's ghost hits the hobgoblin.
The hobgoblin closely misses 1010011010's ghost. 1010011010's ghost hits the hobgoblin!
The hobgoblin dies! 1010011010's ghost says, "You will join me soon!"
You hear the slow rusting of a drain, a long way away.
Things that are here:
a club; a hobgoblin corpse You offer a prayer to Elyvilon.
The club barely shimmers and breaks into pieces.
Elyvilon is pleased with you. 1010011010's ghost hits you but does no damage.
Use which ability? (? or * to list) You're too hungry.
You need to eat something NOW!
Eat which item? (? for menu, Esc to quit)
1010011010's ghost hits you!
You die...

, ###........#
#........# ,
#....(...# *
#.######## , , #.#
, ######.# ,
...##.#
**#####.##.#######
#.....@W.......# ,
,
#.#..#####...#.##
#....#,#...#..# *
#....#.#.###..# **
#......#.. #..#
#..#########..# *
* #..# ..#......#
#..###.#.#....#
#..#...# #....#


You could see 1010011010's ghost.

Vanquished Creatures
  Terence (D:2)
  2 adders (D:2)
  3 worms (D:2)
  2 oozes
  2 orcs (D:2)
  A ball python (D:2)
  5 goblins
  4 hobgoblins
  A kobold (D:1)
  A giant cockroach (D:2)
  2 giant newts (D:2)
  2 rats
26 creatures vanquished.

Vanquished Creatures (others)
  An adder (D:3)
  A giant gecko (D:2)
  An orc (D:2)
  A goblin (D:2)
  A hobgoblin (D:3)
  A bat (D:2)
  2 giant newts
  A rat (D:2)
9 creatures vanquished.

Grand Total: 35 creatures vanquished

Notes
Turn   | Place    | Note
--------------------------------------------------------------
     0 | D:1      | Nikss, the Deep Dwarf Healer, began the quest for the Orb.
     0 | D:1      | Reached XP level 1. HP: 16/16 MP: 2/2
    23 | D:1      | Reached skill level 1 in Fighting
   287 | D:1      | Reached skill level 4 in Invocations
   389 | D:1      | Reached XP level 2. HP: 18/25 MP: 4/4
  1279 | D:2      | Reached XP level 3. HP: 26/31 MP: 4/6
  1337 | D:2      | Noticed Terence
  1491 | D:2      | Killed Terence
  2026 | D:2      | Reached XP level 4. HP: 26/38 MP: 4/7
  2242 | D:2      | Found an opulent altar of Gozag.
  2242 | D:2      | Found a glowing silver altar of Zin.
  2933 | D:3      | Noticed 1010011010's ghost (experienced MfGl)
  2968 | D:3      | Reached skill level 1 in Stealth
  2989 | D:3      | Elyvilon protects you from harm!
  3032 | D:3      | Slain by 1010011010's ghost

Action                   |  1- 3 |  4- 6 || total
-------------------------+-------+-------++-------
Melee: Dagger            |   124 |    61 ||   185
       Unarmed           |    12 |       ||    12
Invok: Lesser Healing    |    44 |    19 ||    63
       Lesser Self-Heali |    14 |    14 ||    28
  Use: Scroll            |       |     3 ||     3
